 Dungeon Crawl Stone Soup version 0.30-a0-777-ga9a30cbeda (webtiles) character file.

Game seed: 2984116501274691489

267 Dittersdorf the Covered (level 6, -5/39 HPs)
             Began as a Gargoyle Fighter on Feb 14, 2023.
             Slain by an iguana (8 damage)
             ... on level 4 of the Dungeon.
             The game lasted 00:03:31 (2794 turns).

Dittersdorf the Covered (Gargoyle Fighter)          Turns: 2794, Time: 00:03:31

Health: -5/39      AC: 17    Str: 22    XL:     6   Next: 21%
Magic:  6/6        EV:  9    Int:  8    God:
Gold:   77         SH:  4    Dex:  9    Spells: 5/5 levels left

rFire   . . .      SeeInvis .    a - +1 flail
rCold   . . .      Faith    .    c - +0 buckler
rNeg    + . .      Spirit   .    b - +0 scale mail
rPois   ∞          Reflect  .    (no helmet)
rElec   +          Harm     .    o - +1 cloak
rCorr   .          Rampage  .    (no gloves)
Will    .....                    (no boots) Stlth
                                 (no amulet)
HPRegen 0.26/turn                g - +4 ring of protection
MPRegen 0.10/turn                (no ring)

@: silenced
A: sickness immunity, AC +4, negative energy resistance 1, electricity
resistance, torment resistance 1, petrification resistance
a: no special abilities


You were on level 4 of the Dungeon.
You visited 1 branch of the dungeon, and saw 4 of its levels.

You collected 77 gold pieces.

Inventory:

Hand Weapons
 a - a +1 flail (weapon)
Armour
 b - a +0 scale mail (worn)
 c - a +0 buckler (worn)
 f - a +0 plate armour
 o - a +1 cloak (worn)
Jewellery
 g - a +4 ring of protection (left hand)
Scrolls
 i - 2 scrolls of teleportation {unknown}
 j - 2 scrolls of identify {unknown}
 n - 2 scrolls of enchant weapon
Potions
 d - 2 potions of might
 e - a potion of mutation {unknown}
 k - 3 potions of curing {unknown}
 l - a potion of lignification {unknown}
 p - a potion of brilliance {unknown}
 q - a potion of heal wounds {unknown}
 s - a potion of attraction {unknown}


   Skills:
 + Level 4.6 Fighting
 + Level 3.5 Maces & Flails
 + Level 4.6 Armour
 + Level 4.6 Shields


You had 5 spell levels left.
You didn't know any spells.
Your spell library was empty.

Dungeon Overview and Level Annotations

Branches:
Dungeon (4/15)
 Temple: D:4-7

Altars:
Elyvilon

Shops:
D:1 (?

Portals:
Sewer: D:4


Innate Abilities, Weirdness & Mutations

You are immune to sickness and miasma.
Your stone body is resilient. (AC +4)
You are immune to poison.
You resist negative energy. (rN+)
You are resistant to electric shocks. (rElec)
You are resistant to unholy torment.
You are immune to petrification.


Message History

Your +0 flail glows red for a moment.
As you read the scroll labelled JIVENY YSORGHESUUBB, it crumbles to dust.
A profound silence engulfs you.
It was a scroll of silence.
Magic scrolls do not work when you're silenced!
You thump the goblin!
You kill the goblin!
You closely miss the orc. You block the orc's attack.
You closely miss the orc. The orc hits you but does no damage.
You sock the orc!
You kill the orc!
You sock the orc!
You kill the orc!
You closely miss the kobold. The kobold barely misses you.
The kobold closely misses you.
You barely miss the kobold. The kobold closely misses you.
You sock the kobold!
You kill the kobold!
The orc hits you but does no damage.
You hit the orc but do no damage. The orc barely misses you.
You hit the orc.
The orc is almost dead.
You block the orc's attack.
You thump the orc!
You kill the orc!
Items here: $ ))))) [ ††††.
You block the iguana's attack.
You closely miss the iguana. The iguana closely misses you.
You hit the iguana but do no damage. The iguana closely misses you.
You hit the iguana but do no damage.
The iguana bites you but does no damage. x2
You barely miss the iguana. The iguana bites you.
* * * LOW HITPOINT WARNING * * *
You barely miss the iguana. The iguana closely misses you.
You hit the iguana but do no damage. The iguana bites you.
* * * LOW HITPOINT WARNING * * *
You sock the iguana!
The iguana is severely wounded.
The iguana bites you but does no damage.
The iguana bites you!
You die...

*,* *,,,,,*#...........#
*,*****,,,,,,,...........#
*,,,,,,,,,,,**#..........#
,,,********** #.........~## *****
,,,,,,** #.........~~###BB~*
..,,*,,* *#.......~~.##~r.~,
..,***,** ###....O.#.≈#≈~≈#~,
...###..#######........#~≈#≈.≈#~~
.............)..@l.....#o≈#≈∩≈#~~
.[..........###........#.≈#≈.≈#~~
...#........# #........#o≈#≈.≈#~~
............# #........#~≈#≈.≈#~~
............###........#~Ol.~##,,
...#####.###...........##...##*~,
........................#####***~
..######.###.##............**,,,,
.........#...##.........##..,,***


You could see an ogre and an iguana.

Vanquished Creatures
  A necrophage (D:4)
  A scorpion (D:4)
  5 adders
  2 worms (D:2)
  2 dart slugs
  3 orcs (D:4)
  7 ball pythons
  7 endoplasms
  4 giant cockroaches
  14 goblins
  6 hobgoblins
  6 quokkas
  5 bats
  5 frilled lizards
  7 kobolds
  10 rats
85 creatures vanquished.

Vanquished Creatures (others)
  2 plants (D:3)
2 creatures vanquished.

Grand Total: 87 creatures vanquished

Notes
Turn   | Place    | Note
-------+----------+-------------------------------------------
     0 | D:1      | Dittersdorf the Gargoyle Fighter began the quest for the
                  | Orb.
     0 | D:1      | Reached XP level 1. HP: 14/14 MP: 1/1
   215 | D:1      | Reached XP level 2. HP: 17/19 MP: 2/2
   347 | D:1      | Found The Oracle's Delphic Readings.
   447 | D:1      | Found Rulural's Weapon Boutique.
   562 | D:2      | Reached XP level 3. HP: 23/23 MP: 3/3
   823 | D:2      | Found a faded altar of an unknown god.
   876 | D:2      | Reached XP level 4. HP: 29/29 MP: 4/4
  1209 | D:2      | Found a white marble altar of Elyvilon.
  2177 | D:3      | Reached XP level 5. HP: 18/33 MP: 5/5
  2611 | D:4      | Reached XP level 6. HP: 10/39 MP: 6/6
  2762 | D:4      | Found a glowing drain.
  2794 | D:4      | Slain by an iguana

Illustrated notes

Levels and vault maps discovered:
D:1:      noname_arrival_rooms_in_the_neighbourhood, layout_basic, serial_shops,
          shop, nicolae_nh_oracle_at_delphi
D:2:      layout_basic, basic_altar, shapermc_ecumenical_altar_flowoftime,
          chequers_decorated_corner
D:3:      cheibrodos_old_hovel, layout_basic, minmay_checkerbox
D:4:      layout_rooms, tgw_sif, gup_sewer_entry_pipe

Skill      XL: |  1  2  3  4 |
---------------+-------------+-----
Armour         | 4 |  4.6
Fighting       | 4 |  4.6
Shields        | 4 |  4.6
Maces & Flails | 3 |  3.5

Action                     |  1- 3 |  4- 6 || total
---------------------------+-------+-------++-------
  Melee: Flail             |   114 |   169 ||   283
    Use: Scroll            |       |     4 ||     4
 Armour: Scale mail        |    74 |    98 ||   172
  Dodge: Dodged            |    58 |    84 ||   142
  Block: Buckler           |    34 |    39 ||    73

Table legend: (Time is in decaauts)
 A = Elapsed time spent in this place.
 B = Non-inter-level travel time spent in this place.
 C = Inter-level travel time spent in this place.
 D = Time resting spent in this place.
 E = Time spent auto-exploring this place.
 F = Levels seen in this place.
 G = Mean time per level.
                   A        B        C        D        E       F      G
               +--------+--------+--------+--------+--------+-----+--------+
         Total |   2879 |   2773 |    106 |    152 |   1958 |   4 |  719.8 |
       Dungeon |   2879 |   2773 |    106 |    152 |   1958 |   4 |  719.8 |
               +--------+--------+--------+--------+--------+-----+--------+

Top non-repeatable levels by time:
     D:2: 1202 daAuts
     D:3: 837 daAuts
     D:1: 592 daAuts
     D:4: 245 daAuts
